St.Louis Blues vs Philadelphia Flyers (R1)

Created - Wednesday, August 6, 2025 at 08:04

Goals
1 2 3 T
St.Louis Blues 2 0 2 4
Philadelphia Flyers 0 0 2 2
Shots
1 2 3 T
St.Louis Blues 11 13 13 37
Philadelphia Flyers 4 12 12 28

1st period

1. St.Louis Blues , Jake Sanderson 1 (Jake Guentzel 2, Robert Thomas 3) at 3:01
2. St.Louis Blues , Jack Eichel 1 (Elias Pettersson 1) at 18:29

Penalties :
J.J. Moser (PHI) for Cross-checking (Minor) at 4:29, Nick Blankenburg (PHI) for Holding (Minor) at 12:06

2nd period

No Goal

Penalties :
Jake Guentzel (STL) for Hooking (Minor) at 3:32, Louis Crevier (PHI) for Tripping (Minor) at 8:11, Brandon Duhaime (PHI) for Tripping (Minor) at 9:01, Colton Parayko (STL) for Holding (Minor) at 17:11

3rd period

3. St.Louis Blues , Robert Thomas 2 (Jake Guentzel 3, Colton Parayko 2) at 5:36
4. Philadelphia Flyers , Colton Sissons 1 (Jeff Skinner 1, Cody Glass 1) at 10:48 (PP)
5. Philadelphia Flyers , Luca Del Bel Belluz 1 (Casey Cizikas 1, Nick Blankenburg 2) at 11:41
6. St.Louis Blues , Brayden Point 2 (Robert Thomas 4, Connor Hellebuyck) at 14:10 (PP)

Penalties :
Mikhail Sergachev (STL) for High sticking (Minor) at 3:13, Jake Sanderson (STL) for High sticking (Minor) at 7:36, Mikhail Sergachev (STL) for Tripping (Minor) at 10:36, Jack McBain (PHI) for Tripping (Minor) at 13:48, J.J. Moser (PHI) for Cross-checking (Minor) at 16:08, Nick Blankenburg (PHI) for High sticking (Double Minor) at 18:33

Goalie Stats

Connor Hellebuyck (STL), 26 saves from 28 shots - (0.929), W, 1-0-1, 60:00 minutes
Alexandar Georgiev (PHI), 33 saves from 37 shots - (0.892), L, 0-1-0, 60:00 minutes

Players Stats for St.Louis Blues

Player Name              G  A  P  +/- PIM S  H  SB GA TA FO     MP     PP MP  PK MP  
------------------------------------------------------------------------------------
Adam Pelech              0  0  0   0  0   0  0  1  0  0  0/0     9:15   0:00   0:00 
Alex Tuch                0  0  0   2  0   0  1  0  0  0  0/1    17:33   4:48   0:00 
Brandon Hagel            0  0  0   1  0   1  7  0  1  1  1/1    19:04   5:46   0:00 
Brayden Point            1  0  1   1  0   5  2  1  1  1  2/2    19:08   5:41   0:00 
Colton Parayko           0  1  1   2  2   2  0  1  2  3  0/0    21:27   0:00   2:42 
Connor Clifton           0  0  0   0  0   0  1  0  0  2  0/0    13:29   0:00   4:05 
Elias Pettersson         0  1  1  -1  0   3  0  0  1  0  0/0     9:32   0:05   0:00 
Isac Lundestrom          0  0  0   0  0   1  0  0  1  1  0/0     9:41   0:00   4:04 
Jaccob Slavin            0  0  0   1  0   1  0  3  0  0  0/0    16:46   0:00   4:39 
Jack Eichel              1  0  1   1  0   5  0  1  0  1  10/19  20:05   6:09   0:05 
Jake Guentzel            0  2  2   2  2   4  1  0  0  0  0/0    17:33   4:48   0:00 
Jake Sanderson           1  0  1   1  2   3  1  2  0  0  0/0    28:46   6:09   3:29 
Logan O'Connor           0  0  0   0  0   0  0  0  0  0  0/0    10:10   0:05   3:59 
Luke Glendening          0  0  0   0  0   1  0  0  0  2  1/2     9:57   0:00   3:59 
Mark Stone               0  0  0  -1  0   0  0  0  0  1  0/1    14:11   4:25   0:00 
Mikhail Sergachev        0  0  0   0  4   1  0  1  0  1  0/0    18:42   4:25   1:21 
Robert Thomas            1  2  3   2  0   7  3  0  0  0  12/23  18:30   5:41   0:00 
Vincent Trocheck         0  0  0  -1  0   3  2  1  1  1  7/14   17:58   4:48   4:09 

Players Stats for Philadelphia Flyers

Player Name              G  A  P  +/- PIM S  H  SB GA TA FO     MP     PP MP  PK MP  
------------------------------------------------------------------------------------
Brandon Duhaime          0  0  0  -1  2   2  1  0  1  0  0/0    14:21   0:00   4:29 
Casey Cizikas            0  1  1   0  0   0  2  0  0  1  0/0    10:39   0:00   0:15 
Cody Glass               0  1  1  -1  0   2  0  1  0  0  7/15   14:15   4:08   0:00 
Colton Sissons           1  0  1   0  0   3  1  0  0  0  9/16   19:34   4:08   5:34 
J.J. Moser               0  0  0  -2  4   0  2  1  1  1  0/0    13:54   0:00   0:00 
Jack McBain              0  0  0   0  2   1  1  0  0  0  0/0    15:03   0:00   4:03 
Jeff Skinner             0  1  1  -1  0   1  3  0  1  0  0/0    13:56   4:08   0:00 
Joel Edmundson           0  0  0   0  0   2  2  3  1  0  0/0    24:51   4:55   5:18 
Juuso Parssinen          0  0  0  -1  0   2  1  0  1  1  0/2    12:19   0:00   0:42 
Louis Crevier            0  0  0   0  2   0  0  0  1  0  0/0    21:21   3:13   4:33 
Luca Del Bel Belluz      1  0  1   0  0   3  1  0  0  0  3/9    13:30   4:00   0:00 
Marcus Johansson         0  0  0   0  0   2  1  0  3  0  0/0    13:51   4:00   0:00 
Miles Wood               0  0  0  -1  0   4  3  0  2  0  0/0    10:17   0:00   0:00 
Nick Blankenburg         0  1  1   0  6   4  0  0  0  1  0/0    24:08   3:13   3:50 
Radek Faksa              0  0  0  -1  0   1  2  2  1  1  11/19  15:48   0:00   4:45 
Thomas Novak             0  0  0   0  0   0  1  0  0  1  0/2    13:31   4:00   0:00 
Will Borgen              0  0  0   0  0   0  1  2  1  0  0/0    17:20   0:00   5:18 
Zac Jones                0  0  0  -2  0   1  2  0  1  1  0/0    19:32   4:55   2:19 

3 Stars

1 - Robert Thomas (STL)
2 - Brayden Point (STL)
3 - Jack Eichel (STL)

Power Play

St.Louis Blues - 1 on 8 Attempt(s) - 12.50%
Philadelphia Flyers - 1 on 5 Attempt(s) - 20.00%

Penalty Kill

St.Louis Blues - 4 on 5 Attempt(s) - 80.00% - Score 0 goal in Penalty Kill
Philadelphia Flyers - 7 on 8 Attempt(s) - 87.50% - Score 0 goal in Penalty Kill

Team Stat

St.Louis Blues - Hits : 18 - Faceoff Wins : 33 - Blocked Shots : 11 - Penalty Minutes : 10
Philadelphia Flyers - Hits : 24 - Faceoff Wins : 30 - Blocked Shots : 9 - Penalty Minutes : 16

Official

Referees : Unknown
Linesman : Unknown

Game Notes

No Game Note

Finance

Level 1 -- Attendance: 5507 (91.78%) -- Ticket Income $501,137
Level 2 -- Attendance: 4976 (99.52%) -- Ticket Income $258,752
Level 3 -- Attendance: 3000 (100.00%) -- Ticket Income $84,000
Level 4 -- Attendance: 5000 (100.00%) -- Ticket Income $90,000
Luxury Box -- Attendance: 935 (93.50%) -- Ticket Income $177,650
Game was played at the Wells Fargo Center.
Total Attendance: 19418 (97.09%)
Total Ticket Income: $1,111,539
Other Income: $389,039
Total Income: $1,500,578

St.Louis Blues

5 vs 5 Forward 
   Center                   Left Wing                Right Wing               Time % Phy DF OF 
 1 Jack Eichel              Brandon Hagel            Brayden Point            35     0   2  3  
 2 Robert Thomas            Jake Guentzel            Alex Tuch                35     0   2  3  
 3 Vincent Trocheck         Elias Pettersson         Mark Stone               25     1   2  2  
 4 Luke Glendening          Isac Lundestrom          Logan O'Connor           5      1   3  1  

5 vs 5 Defense 
   Defense                  Defense                                           Time % Phy DF OF 
 1 Jake Sanderson           Colton Parayko                                    45     1   2  2  
 2 Jaccob Slavin            Mikhail Sergachev                                 35     0   3  2  
 3 Adam Pelech              Connor Clifton                                    20     1   3  1  
 4 Jake Sanderson           Colton Parayko                                    0      1   2  2  

PowerPlay Forward 
   Center                   Left Wing                Right Wing               Time % Phy DF OF 
 1 Robert Thomas            Brandon Hagel            Brayden Point            60     1   0  4  
 2 Vincent Trocheck         Jake Guentzel            Alex Tuch                40     1   0  4  

PowerPlay Defense
   Defense                  Defense                                           Time % Phy DF OF 
 1 Jack Eichel              Jake Sanderson                                    60     0   1  4  
 2 Mark Stone               Mikhail Sergachev                                 40     0   1  4  

Penalty Kill 4 Players Forward 
   Center                   Wing                     Time % Phy DF OF 
 1 Vincent Trocheck         Isac Lundestrom          50     2   3  0  
 2 Luke Glendening          Logan O'Connor           50     1   4  0  

Penalty Kill 4 Players Defense
   Defense                  Defense                  Time % Phy DF OF 
 1 Jaccob Slavin            Colton Parayko           50     1   4  0  
 2 Jake Sanderson           Connor Clifton           50     1   4  0  

Penalty Kill - 3 Players Forward 
   Forward                                           Time % Phy DF OF 
 1 Vincent Trocheck                                  50     0   5  0  
 2 Luke Glendening                                   50     0   5  0  

Penalty Kill - 3 Players Defense
   Defense                  Defense                  Time % Phy DF OF 
 1 Jaccob Slavin            Colton Parayko           50     0   5  0  
 2 Jake Sanderson           Connor Clifton           50     0   5  0  

4 vs 4 Forward 
   Center                   Wing                     Time % Phy DF OF 
 1 Jack Eichel              Brandon Hagel            50     0   2  3  
 2 Robert Thomas            Brayden Point            50     0   2  3  

4 vs 4 Defense
   Defense                  Defense                  Time % Phy DF OF 
 1 Jake Sanderson           Mikhail Sergachev        50     0   3  2  
 2 Colton Parayko           Jaccob Slavin            50     0   3  2  

Last Minutes Offensive
   Center                   Left Wing                Right Wing               Defense                  Defense                  
   Robert Thomas            Jack Eichel              Brayden Point            Jake Sanderson           Jake Guentzel            

Last Minutes Defensive
   Center                   Left Wing                Right Wing               Defense                  Defense                  
   Vincent Trocheck         Isac Lundestrom          Logan O'Connor           Jake Sanderson           Jaccob Slavin            

Goaltenders
Starting : Connor Hellebuyck        
Backup : Scott Wedgewood          

Extra Forwards
Normal : Brandon Hagel, Jake Guentzel, Alex Tuch - PP : Vincent Trocheck, Brayden Point - PK : Jack Eichel
Extra Defensemen
Normal : Jake Sanderson, Mikhail Sergachev, Colton Parayko - PP : Jake Sanderson - PK : Jaccob Slavin, Jake Sanderson
Penalty Shots
Vincent Trocheck, Jack Eichel, Brayden Point, Jake Guentzel, Brandon Hagel

Scratches
Artem Zub (Healthy), Yanni Gourde (Healthy), Joona Koppanen (Healthy)

Philadelphia Flyers

5 vs 5 Forward 
   Center                   Left Wing                Right Wing               Time % Phy DF OF 
 1 Colton Sissons           Thomas Novak             Marcus Johansson         25     1   2  2  
 2 Cody Glass               Jeff Skinner             Brandon Duhaime          25     1   2  2  
 3 Luca Del Bel Belluz      Jack McBain              Casey Cizikas            25     1   2  2  
 4 Radek Faksa              Juuso Parssinen          Miles Wood               25     1   2  2  

5 vs 5 Defense 
   Defense                  Defense                                           Time % Phy DF OF 
 1 Joel Edmundson           Nick Blankenburg                                  35     1   2  2  
 2 J.J. Moser               Zac Jones                                         35     1   2  2  
 3 Will Borgen              Louis Crevier                                     30     1   2  2  
 4 Joel Edmundson           Nick Blankenburg                                  0      1   2  2  

PowerPlay Forward 
   Center                   Left Wing                Right Wing               Time % Phy DF OF 
 1 Luca Del Bel Belluz      Thomas Novak             Marcus Johansson         50     1   2  2  
 2 Cody Glass               Jeff Skinner             Colton Sissons           50     1   2  2  

PowerPlay Defense
   Defense                  Defense                                           Time % Phy DF OF 
 1 Zac Jones                Joel Edmundson                                    50     1   2  2  
 2 Nick Blankenburg         Louis Crevier                                     50     1   2  2  

Penalty Kill 4 Players Forward 
   Center                   Wing                     Time % Phy DF OF 
 1 Colton Sissons           Brandon Duhaime          50     1   2  2  
 2 Radek Faksa              Jack McBain              50     1   2  2  

Penalty Kill 4 Players Defense
   Defense                  Defense                  Time % Phy DF OF 
 1 Louis Crevier            Nick Blankenburg         50     1   2  2  
 2 Will Borgen              Joel Edmundson           50     1   2  2  

Penalty Kill - 3 Players Forward 
   Forward                                           Time % Phy DF OF 
 1 Colton Sissons                                    50     1   2  2  
 2 Radek Faksa                                       50     1   2  2  

Penalty Kill - 3 Players Defense
   Defense                  Defense                  Time % Phy DF OF 
 1 Louis Crevier            Nick Blankenburg         50     1   2  2  
 2 Will Borgen              Joel Edmundson           50     1   2  2  

4 vs 4 Forward 
   Center                   Wing                     Time % Phy DF OF 
 1 Colton Sissons           Thomas Novak             50     1   2  2  
 2 Cody Glass               Jeff Skinner             50     1   2  2  

4 vs 4 Defense
   Defense                  Defense                  Time % Phy DF OF 
 1 Joel Edmundson           Nick Blankenburg         50     1   2  2  
 2 J.J. Moser               Zac Jones                50     1   2  2  

Last Minutes Offensive
   Center                   Left Wing                Right Wing               Defense                  Defense                  
   Luca Del Bel Belluz      Thomas Novak             Jeff Skinner             Zac Jones                Nick Blankenburg         

Last Minutes Defensive
   Center                   Left Wing                Right Wing               Defense                  Defense                  
   Colton Sissons           Brandon Duhaime          Radek Faksa              Louis Crevier            Nick Blankenburg         

Goaltenders
Starting : Alexandar Georgiev       
Backup : Jake Allen               

Extra Forwards
Normal : Colton Sissons, Cody Glass, Marcus Johansson - PP : Thomas Novak, Jeff Skinner - PK : Colton Sissons
Extra Defensemen
Normal : Joel Edmundson, J.J. Moser, Will Borgen - PP : Louis Crevier - PK : Zac Jones, Nick Blankenburg
Penalty Shots
Thomas Novak, Jeff Skinner, Marcus Johansson, Cody Glass, Radek Faksa

Scratches
Henri Jokiharju (Healthy), Josh Mahura (Healthy), Dylan Roobroeck (Healthy), Marcel Marcel (Healthy), Dylan Coghlan (Healthy)

% Time on Ice - St.Louis Blues

Lines # - Real PCT - Wanted PCT - Time Play
Normal Forward
1 - 33% - 35% - 13:36
2 - 32% - 35% - 13:06
3 - 22% - 25% - 8:59
4 - 14% - 5% - 5:37
Normal Defense
1 - 47% - 45% - 19:14
2 - 31% - 35% - 12:49
3 - 22% - 20% - 9:15
4 - 0% - 0% - 0:00
PP Forward
1 - 55% - 60% - 5:46
2 - 45% - 40% - 4:48
PP Defense
1 - 58% - 60% - 6:09
2 - 42% - 40% - 4:25
PK Forward
1 - 51% - 50% - 4:09
2 - 49% - 50% - 3:59
PK Defense
1 - 50% - 50% - 4:03
2 - 50% - 50% - 4:05
PK3 Forward
1 - 0% - 50%
2 - 0% - 50%
PK3 Defense
1 - 0% - 50%
2 - 0% - 50%
44 Forward
1 - 0% - 50%
2 - 0% - 50%
44 Defense
1 - 0% - 50%
2 - 0% - 50%
Last Minute Offensive  - 0:00
Last Minute Defensive  - 0:00
Total
Forward - 60:00
Defense - 60:00

% Time on Ice - Philadelphia Flyers

Lines # - Real PCT - Wanted PCT - Time Play
Normal Forward
1 - 24% - 25% - 10:03
2 - 26% - 25% - 10:43
3 - 25% - 25% - 10:15
4 - 25% - 25% - 10:17
Normal Defense
1 - 37% - 35% - 15:17
2 - 35% - 35% - 14:19
3 - 28% - 30% - 11:42
4 - 0% - 0% - 0:00
PP Forward
1 - 49% - 50% - 4:00
2 - 51% - 50% - 4:08
PP Defense
1 - 60% - 50% - 4:55
2 - 40% - 50% - 3:13
PK Forward
1 - 52% - 50% - 4:52
2 - 48% - 50% - 4:33
PK Defense
1 - 49% - 50% - 4:38
2 - 51% - 50% - 4:47
PK3 Forward
1 - 39% - 50% - 0:27
2 - 61% - 50% - 0:42
PK3 Defense
1 - 55% - 50% - 0:38
2 - 45% - 50% - 0:31
44 Forward
1 - 0% - 50%
2 - 0% - 50%
44 Defense
1 - 0% - 50%
2 - 0% - 50%
Last Minute Offensive  - 0:00
Last Minute Defensive  - 0:00
Total
Forward - 60:00
Defense - 60:00

Play-by-Play

1st period


0:01 of 1st period - Colton Sissons wins face-off versus Jack Eichel in neutral zone.
0:06 of 1st period - Wrist shot by Thomas Novak.
0:06 of 1st period - Shot Misses the Net.
0:44 of 1st period - Off-side.
0:45 of 1st period - Vincent Trocheck wins face-off versus Luca Del Bel Belluz in neutral zone.
1:11 of 1st period - Mikhail Sergachev is hit by Will Borgen and loses puck.
1:38 of 1st period - Snap shot by Jeff Skinner.
1:38 of 1st period - Shot Misses the Net.
1:40 of 1st period - Slapshot by Brandon Duhaime.
1:40 of 1st period - Shot Misses the Net.
1:42 of 1st period - Slapshot by Brandon Duhaime.
1:42 of 1st period - Shot Misses the Net.
1:52 of 1st period - Connor Clifton is hit by Zac Jones and loses puck.
2:16 of 1st period - Elias Pettersson is hit by Joel Edmundson.
2:24 of 1st period - Snap shot by Mark Stone.
2:24 of 1st period - Shot Misses the Net.
2:57 of 1st period - Wrist shot by Jake Guentzel.
2:57 of 1st period - Shot Misses the Net.
2:59 of 1st period - Slapshot by Jake Sanderson.
2:59 of 1st period - Shot Blocked by Joel Edmundson.
3:01 of 1st period - Snap shot by Jake Sanderson.
3:01 of 1st period - Goal by Jake Sanderson - St.Louis Blues : 1 - Philadelphia Flyers : 0.
3:02 of 1st period - Radek Faksa wins face-off versus Jack Eichel in neutral zone.
3:43 of 1st period - Icing by Mikhail Sergachev.
3:44 of 1st period - Colton Sissons wins face-off versus Vincent Trocheck in St.Louis Blues zone.
3:47 of 1st period - Snap shot by Marcus Johansson.
3:47 of 1st period - Stopped by Connor Hellebuyck with a rebound.
4:18 of 1st period - Icing by Alex Tuch.
4:19 of 1st period - Robert Thomas wins face-off versus Cody Glass in St.Louis Blues zone.
4:29 of 1st period - Minor Penalty to J.J. Moser for Cross-checking.
4:30 of 1st period - Robert Thomas wins face-off versus Colton Sissons in Philadelphia Flyers zone.
4:34 of 1st period - Wrist shot by Brayden Point.
4:34 of 1st period - Shot Misses the Net.
5:00 of 1st period - Snap shot by Vincent Trocheck.
5:00 of 1st period - Shot Blocked by Radek Faksa.
5:34 of 1st period - Will Borgen is hit by Brandon Hagel.
6:29 of 1st period - Penalty to J.J. Moser is over, J.J. Moser is back on ice.
6:38 of 1st period - Will Borgen is hit by Alex Tuch.
7:12 of 1st period - Wrist shot by J.J. Moser.
7:12 of 1st period - Shot Misses the Net.
7:14 of 1st period - Snap shot by Jack McBain.
7:14 of 1st period - Stopped by Connor Hellebuyck without a rebound.
7:15 of 1st period - Jack Eichel wins face-off versus Colton Sissons in St.Louis Blues zone.
7:19 of 1st period - Off-side.
7:20 of 1st period - Brandon Hagel wins face-off versus Colton Sissons in neutral zone.
7:23 of 1st period - Zac Jones is hit by Brandon Hagel and loses puck.
8:28 of 1st period - Snap shot by Elias Pettersson.
8:28 of 1st period - Stopped by Alexandar Georgiev without a rebound.
8:29 of 1st period - Colton Sissons wins face-off versus Mark Stone in Philadelphia Flyers zone.
8:44 of 1st period - Wrist shot by Marcus Johansson.
8:44 of 1st period - Shot Blocked by Jaccob Slavin.
9:31 of 1st period - Slapshot by Mikhail Sergachev.
9:31 of 1st period - Stopped by Alexandar Georgiev with a rebound.
9:33 of 1st period - Backhand shot by Isac Lundestrom.
9:33 of 1st period - Shot Misses the Net.
9:35 of 1st period - Snap shot by Isac Lundestrom.
9:35 of 1st period - Stopped by Alexandar Georgiev with a rebound.
9:37 of 1st period - Slapshot by Jaccob Slavin.
9:37 of 1st period - Stopped by Alexandar Georgiev with a rebound.
9:39 of 1st period - Slapshot by Mikhail Sergachev.
9:39 of 1st period - Shot Blocked by Joel Edmundson.
11:39 of 1st period - Snap shot by Miles Wood.
11:39 of 1st period - Stopped by Connor Hellebuyck without a rebound.
11:40 of 1st period - Robert Thomas wins face-off versus Radek Faksa in St.Louis Blues zone.
11:40 of 1st period - Robert Thomas is hit by Radek Faksa.
11:52 of 1st period - Snap shot by Robert Thomas.
11:52 of 1st period - Stopped by Alexandar Georgiev without a rebound.
11:53 of 1st period - Brayden Point wins face-off versus Luca Del Bel Belluz in Philadelphia Flyers zone.
12:02 of 1st period - Wrist shot by Brayden Point.
12:02 of 1st period - Deflect By Brandon Hagel.
12:02 of 1st period - Shot Misses the Net.
12:02 of 1st period - Puck is out of play.
12:03 of 1st period - Luca Del Bel Belluz wins face-off versus Jack Eichel in Philadelphia Flyers zone.
12:03 of 1st period - Luca Del Bel Belluz is hit by Brayden Point.
12:06 of 1st period - Minor Penalty to Nick Blankenburg for Holding.
12:07 of 1st period - Radek Faksa wins face-off versus Robert Thomas in Philadelphia Flyers zone.
12:39 of 1st period - Slapshot by Vincent Trocheck.
12:39 of 1st period - Stopped by Alexandar Georgiev with a rebound.
12:41 of 1st period - Slapshot by Jack Eichel.
12:41 of 1st period - Stopped by Alexandar Georgiev with a rebound.
12:43 of 1st period - Snap shot by Jake Guentzel.
12:43 of 1st period - Stopped by Alexandar Georgiev with a rebound.
14:06 of 1st period - Penalty to Nick Blankenburg is over, Nick Blankenburg is back on ice.
15:00 of 1st period - Jack Eichel is hit by Radek Faksa and loses puck.
15:25 of 1st period - Vincent Trocheck is hit by J.J. Moser and loses puck.
16:33 of 1st period - Luke Glendening is hit by Brandon Duhaime and loses puck.
16:48 of 1st period - Snap shot by Luca Del Bel Belluz.
16:48 of 1st period - Stopped by Connor Hellebuyck without a rebound.
16:49 of 1st period - Vincent Trocheck wins face-off versus Luca Del Bel Belluz in St.Louis Blues zone.
17:40 of 1st period - Wrist shot by Robert Thomas.
17:40 of 1st period - Stopped by Alexandar Georgiev with a rebound.
18:29 of 1st period - Snap shot by Jack Eichel.
18:29 of 1st period - Goal by Jack Eichel - St.Louis Blues : 2 - Philadelphia Flyers : 0.
18:30 of 1st period - Radek Faksa wins face-off versus Robert Thomas in neutral zone.
18:57 of 1st period - Colton Parayko is hit by Jack McBain and loses puck.
19:28 of 1st period - Slapshot by Vincent Trocheck.
19:28 of 1st period - Shot Misses the Net.
19:30 of 1st period - Slapshot by Colton Parayko.
19:30 of 1st period - Shot Blocked by Cody Glass.
Goals for this period are 2 for St.Louis Blues vs 0 for Philadelphia Flyers.
Shots for this period are 11 for St.Louis Blues vs 4 for Philadelphia Flyers.

2nd period


0:01 of 2nd period - Brayden Point wins face-off versus Radek Faksa in neutral zone.
0:08 of 2nd period - Slapshot by Brandon Hagel.
0:08 of 2nd period - Shot Blocked by Joel Edmundson.
0:28 of 2nd period - Icing by Alex Tuch.
0:29 of 2nd period - Robert Thomas wins face-off versus Luca Del Bel Belluz in St.Louis Blues zone.
0:56 of 2nd period - Wrist shot by Cody Glass.
0:56 of 2nd period - Deflect By Brandon Hagel.
0:56 of 2nd period - Shot Misses the Net.
0:56 of 2nd period - Puck is out of play.
0:57 of 2nd period - Jack Eichel wins face-off versus Cody Glass in St.Louis Blues zone.
1:02 of 2nd period - Wrist shot by Brandon Duhaime.
1:02 of 2nd period - Stopped by Connor Hellebuyck with a rebound.
1:04 of 2nd period - Slapshot by Joel Edmundson.
1:04 of 2nd period - Shot Misses the Net.
1:08 of 2nd period - Slapshot by Jeff Skinner.
1:08 of 2nd period - Shot Blocked by Brayden Point.
1:10 of 2nd period - Slapshot by Joel Edmundson.
1:10 of 2nd period - Stopped by Connor Hellebuyck without a rebound.
1:11 of 2nd period - Robert Thomas wins face-off versus Radek Faksa in St.Louis Blues zone.
1:43 of 2nd period - Louis Crevier is hit by Brandon Hagel and loses puck.
1:52 of 2nd period - Snap shot by Brandon Hagel.
1:52 of 2nd period - Shot Misses the Net.
2:04 of 2nd period - Snap shot by Jack McBain.
2:04 of 2nd period - Deflect By Casey Cizikas.
2:04 of 2nd period - Shot Blocked by Jake Sanderson.
2:04 of 2nd period - Puck is out of play.
2:05 of 2nd period - Radek Faksa wins face-off versus Vincent Trocheck in St.Louis Blues zone.
2:28 of 2nd period - Wrist shot by Vincent Trocheck.
2:28 of 2nd period - Stopped by Alexandar Georgiev with a rebound.
2:47 of 2nd period - Wrist shot by Elias Pettersson.
2:47 of 2nd period - Stopped by Alexandar Georgiev without a rebound.
2:48 of 2nd period - Jack Eichel wins face-off versus Colton Sissons in Philadelphia Flyers zone.
3:32 of 2nd period - Minor Penalty to Jake Guentzel for Hooking.
3:33 of 2nd period - Vincent Trocheck wins face-off versus Thomas Novak in St.Louis Blues zone.
4:06 of 2nd period - Wrist shot by Colton Sissons.
4:06 of 2nd period - Stopped by Connor Hellebuyck with a rebound.
5:32 of 2nd period - Penalty to Jake Guentzel is over, Jake Guentzel is back on ice.
5:48 of 2nd period - Louis Crevier is hit by Robert Thomas and loses puck.
6:01 of 2nd period - Slapshot by Nick Blankenburg.
6:01 of 2nd period - Stopped by Connor Hellebuyck without a rebound.
6:02 of 2nd period - Jack Eichel wins face-off versus Juuso Parssinen in St.Louis Blues zone.
6:02 of 2nd period - Jack Eichel is hit by Juuso Parssinen.
6:20 of 2nd period - Zac Jones is hit by Connor Clifton and loses puck.
6:36 of 2nd period - Wrist shot by Jack Eichel.
6:36 of 2nd period - Stopped by Alexandar Georgiev with a rebound.
6:38 of 2nd period - Wrist shot by Brayden Point.
6:38 of 2nd period - Stopped by Alexandar Georgiev without a rebound.
6:39 of 2nd period - Robert Thomas wins face-off versus Cody Glass in Philadelphia Flyers zone.
6:40 of 2nd period - Wrist shot by Jake Guentzel.
6:40 of 2nd period - Stopped by Alexandar Georgiev with a rebound.
6:47 of 2nd period - Colton Parayko is hit by J.J. Moser and loses puck.
7:11 of 2nd period - Snap shot by Vincent Trocheck.
7:11 of 2nd period - Stopped by Alexandar Georgiev with a rebound.
7:21 of 2nd period - Mark Stone is hit by Casey Cizikas and loses puck.
7:30 of 2nd period - Slapshot by Jake Sanderson.
7:30 of 2nd period - Stopped by Alexandar Georgiev without a rebound.
7:31 of 2nd period - Radek Faksa wins face-off versus Robert Thomas in Philadelphia Flyers zone.
7:38 of 2nd period - Snap shot by Juuso Parssinen.
7:38 of 2nd period - Shot Misses the Net.
7:40 of 2nd period - Wrist shot by Radek Faksa.
7:40 of 2nd period - Stopped by Connor Hellebuyck without a rebound.
7:41 of 2nd period - Cody Glass wins face-off versus Robert Thomas in St.Louis Blues zone.
7:42 of 2nd period - Snap shot by Brandon Duhaime.
7:42 of 2nd period - Shot Misses the Net.
8:06 of 2nd period - Wrist shot by Jake Guentzel.
8:06 of 2nd period - Stopped by Alexandar Georgiev with a rebound.
8:08 of 2nd period - Slapshot by Mikhail Sergachev.
8:08 of 2nd period - Deflect By Robert Thomas.
8:08 of 2nd period - Stopped by Alexandar Georgiev without a rebound.
8:09 of 2nd period - Colton Sissons wins face-off versus Jack Eichel in Philadelphia Flyers zone.
8:11 of 2nd period - Minor Penalty to Louis Crevier for Tripping.
8:12 of 2nd period - Radek Faksa wins face-off versus Robert Thomas in Philadelphia Flyers zone.
9:01 of 2nd period - Minor Penalty to Brandon Duhaime for Tripping.
9:02 of 2nd period - Robert Thomas wins face-off versus Radek Faksa in Philadelphia Flyers zone.
9:03 of 2nd period - Snap shot by Brayden Point.
9:03 of 2nd period - Stopped by Alexandar Georgiev with a rebound.
9:05 of 2nd period - Slapshot by Brayden Point.
9:05 of 2nd period - Shot Misses the Net.
9:15 of 2nd period - Snap shot by Robert Thomas.
9:15 of 2nd period - Stopped by Alexandar Georgiev with a rebound.
9:17 of 2nd period - Slapshot by Jake Sanderson.
9:17 of 2nd period - Shot Blocked by Radek Faksa.
9:19 of 2nd period - Snap shot by Robert Thomas.
9:19 of 2nd period - Shot Misses the Net.
10:11 of 2nd period - Penalty to Louis Crevier is over, Louis Crevier is back on ice.
11:01 of 2nd period - Penalty to Brandon Duhaime is over, Brandon Duhaime is back on ice.
11:30 of 2nd period - Slapshot by Nick Blankenburg.
11:30 of 2nd period - Stopped by Connor Hellebuyck without a rebound.
11:31 of 2nd period - Robert Thomas wins face-off versus Luca Del Bel Belluz in St.Louis Blues zone.
12:26 of 2nd period - Snap shot by Robert Thomas.
12:26 of 2nd period - Stopped by Alexandar Georgiev with a rebound.
12:42 of 2nd period - Brandon Duhaime is hit by Brandon Hagel.
13:46 of 2nd period - Slapshot by Vincent Trocheck.
13:46 of 2nd period - Deflect By Elias Pettersson.
13:46 of 2nd period - Stopped by Alexandar Georgiev with a rebound.
14:11 of 2nd period - Slapshot by Louis Crevier.
14:11 of 2nd period - Shot Blocked by Adam Pelech.
14:52 of 2nd period - Wrist shot by Casey Cizikas.
14:52 of 2nd period - Shot Blocked by Jaccob Slavin.
15:04 of 2nd period - Juuso Parssinen is hit by Vincent Trocheck and loses puck.
15:15 of 2nd period - Zac Jones is hit by Vincent Trocheck and loses puck.
15:32 of 2nd period - J.J. Moser is hit by Robert Thomas and loses puck.
15:45 of 2nd period - Thomas Novak is hit by Brandon Hagel and loses puck.
15:52 of 2nd period - Snap shot by Brayden Point.
15:52 of 2nd period - Deflect By Brandon Hagel.
15:52 of 2nd period - Shot Misses the Net.
15:52 of 2nd period - Puck is out of play.
15:53 of 2nd period - Radek Faksa wins face-off versus Robert Thomas in Philadelphia Flyers zone.
15:53 of 2nd period - Radek Faksa is hit by Jake Guentzel.
16:42 of 2nd period - Snap shot by Jeff Skinner.
16:42 of 2nd period - Shot Misses the Net.
16:44 of 2nd period - Snap shot by Cody Glass.
16:44 of 2nd period - Shot Blocked by Mikhail Sergachev.
16:46 of 2nd period - Slapshot by Joel Edmundson.
16:46 of 2nd period - Deflect By Cody Glass.
16:46 of 2nd period - Shot Misses the Net.
16:46 of 2nd period - Puck is out of play.
16:47 of 2nd period - Radek Faksa wins face-off versus Robert Thomas in St.Louis Blues zone.
16:48 of 2nd period - Slapshot by Miles Wood.
16:48 of 2nd period - Stopped by Connor Hellebuyck without a rebound.
16:49 of 2nd period - Robert Thomas wins face-off versus Radek Faksa in St.Louis Blues zone.
16:53 of 2nd period - Alex Tuch is hit by Miles Wood and loses puck.
16:58 of 2nd period - Backhand shot by Miles Wood.
16:58 of 2nd period - Stopped by Connor Hellebuyck with a rebound.
17:00 of 2nd period - Slapshot by Will Borgen.
17:00 of 2nd period - Shot Misses the Net.
17:02 of 2nd period - Wrist shot by Juuso Parssinen.
17:02 of 2nd period - Stopped by Connor Hellebuyck without a rebound.
17:03 of 2nd period - Colton Sissons wins face-off versus Jack Eichel in St.Louis Blues zone.
17:11 of 2nd period - Minor Penalty to Colton Parayko for Holding.
17:12 of 2nd period - Cody Glass wins face-off versus Vincent Trocheck in St.Louis Blues zone.
18:00 of 2nd period - Jake Sanderson is hit by Luca Del Bel Belluz and loses puck.
18:39 of 2nd period - Wrist shot by Thomas Novak.
18:39 of 2nd period - Shot Misses the Net.
18:43 of 2nd period - Wrist shot by Luca Del Bel Belluz.
18:43 of 2nd period - Shot Misses the Net.
18:45 of 2nd period - Wrist shot by Luca Del Bel Belluz.
18:45 of 2nd period - Stopped by Connor Hellebuyck without a rebound.
18:46 of 2nd period - Luke Glendening wins face-off versus Cody Glass in St.Louis Blues zone.
18:56 of 2nd period - Slapshot by Nick Blankenburg.
18:56 of 2nd period - Shot Blocked by Jaccob Slavin.
19:11 of 2nd period - Penalty to Colton Parayko is over, Colton Parayko is back on ice.
19:18 of 2nd period - Snap shot by Miles Wood.
19:18 of 2nd period - Shot Misses the Net.
19:20 of 2nd period - Snap shot by Nick Blankenburg.
19:20 of 2nd period - Stopped by Connor Hellebuyck without a rebound.
19:21 of 2nd period - Radek Faksa wins face-off versus Jack Eichel in St.Louis Blues zone.
19:28 of 2nd period - Wrist shot by Miles Wood.
19:28 of 2nd period - Stopped by Connor Hellebuyck with a rebound.
19:30 of 2nd period - Backhand shot by Louis Crevier.
19:30 of 2nd period - Shot Blocked by Jack Eichel.
19:48 of 2nd period - Backhand shot by Brayden Point.
19:48 of 2nd period - Shot Blocked by J.J. Moser.
19:58 of 2nd period - Snap shot by Jack Eichel.
19:58 of 2nd period - Shot Misses the Net.
Goals for this period are 0 for St.Louis Blues vs 0 for Philadelphia Flyers.
Shots for this period are 13 for St.Louis Blues vs 12 for Philadelphia Flyers.

3rd period


0:01 of 3rd period - Robert Thomas wins face-off versus Colton Sissons in neutral zone.
0:01 of 3rd period - Robert Thomas is hit by Thomas Novak.
0:05 of 3rd period - Nick Blankenburg is hit by Jake Sanderson and loses puck.
0:26 of 3rd period - Cody Glass is hit by Brandon Hagel and loses puck.
1:12 of 3rd period - Wrist shot by Luke Glendening.
1:12 of 3rd period - Stopped by Alexandar Georgiev without a rebound.
1:13 of 3rd period - Colton Sissons wins face-off versus Luke Glendening in Philadelphia Flyers zone.
1:28 of 3rd period - Snap shot by Logan O'Connor.
1:28 of 3rd period - Deflect By Luke Glendening.
1:28 of 3rd period - Shot Misses the Net.
1:28 of 3rd period - Puck is out of play.
1:29 of 3rd period - Cody Glass wins face-off versus Alex Tuch in Philadelphia Flyers zone.
2:00 of 3rd period - Brandon Hagel is hit by Marcus Johansson and loses puck.
2:49 of 3rd period - Wrist shot by Juuso Parssinen.
2:49 of 3rd period - Stopped by Connor Hellebuyck without a rebound.
2:50 of 3rd period - Jack Eichel wins face-off versus Cody Glass in St.Louis Blues zone.
3:03 of 3rd period - Wrist shot by Jack Eichel.
3:03 of 3rd period - Deflect By Brayden Point.
3:03 of 3rd period - Stopped by Alexandar Georgiev with a rebound.
3:13 of 3rd period - Minor Penalty to Mikhail Sergachev for High sticking.
3:14 of 3rd period - Cody Glass wins face-off versus Vincent Trocheck in St.Louis Blues zone.
3:29 of 3rd period - Slapshot by Nick Blankenburg.
3:29 of 3rd period - Shot Misses the Net.
4:16 of 3rd period - Jaccob Slavin is hit by Zac Jones and loses puck.
4:58 of 3rd period - Icing by Marcus Johansson.
4:59 of 3rd period - Luca Del Bel Belluz wins face-off versus Vincent Trocheck in Philadelphia Flyers zone.
5:13 of 3rd period - Penalty to Mikhail Sergachev is over, Mikhail Sergachev is back on ice.
5:34 of 3rd period - Wrist shot by Robert Thomas.
5:34 of 3rd period - Stopped by Alexandar Georgiev with a rebound.
5:36 of 3rd period - Wrist shot by Robert Thomas.
5:36 of 3rd period - Goal by Robert Thomas - St.Louis Blues : 3 - Philadelphia Flyers : 0.
5:37 of 3rd period - Jack Eichel wins face-off versus Colton Sissons in neutral zone.
6:03 of 3rd period - Alex Tuch is hit by Jeff Skinner and loses puck.
6:10 of 3rd period - Wrist shot by Brandon Duhaime.
6:10 of 3rd period - Stopped by Connor Hellebuyck without a rebound.
6:11 of 3rd period - Luca Del Bel Belluz wins face-off versus Robert Thomas in St.Louis Blues zone.
6:16 of 3rd period - Wrist shot by Luca Del Bel Belluz.
6:16 of 3rd period - Shot Misses the Net.
6:46 of 3rd period - Slapshot by Jack Eichel.
6:46 of 3rd period - Stopped by Alexandar Georgiev with a rebound.
6:48 of 3rd period - Slapshot by Brandon Hagel.
6:48 of 3rd period - Shot Blocked by Will Borgen.
7:20 of 3rd period - Wrist shot by Elias Pettersson.
7:20 of 3rd period - Shot Misses the Net.
7:36 of 3rd period - Minor Penalty to Jake Sanderson for High sticking.
7:37 of 3rd period - Cody Glass wins face-off versus Vincent Trocheck in St.Louis Blues zone.
7:38 of 3rd period - Wrist shot by Jeff Skinner.
7:38 of 3rd period - Deflect By Cody Glass.
7:38 of 3rd period - Shot Misses the Net.
7:38 of 3rd period - Puck is out of play.
7:39 of 3rd period - Vincent Trocheck wins face-off versus Cody Glass in St.Louis Blues zone.
8:04 of 3rd period - Vincent Trocheck is hit by Colton Sissons and loses puck.
8:21 of 3rd period - Luke Glendening is hit by Jeff Skinner and loses puck.
8:32 of 3rd period - Wrist shot by Cody Glass.
8:32 of 3rd period - Stopped by Connor Hellebuyck with a rebound.
8:52 of 3rd period - Snap shot by Colton Sissons.
8:52 of 3rd period - Stopped by Connor Hellebuyck with a rebound.
8:54 of 3rd period - Slapshot by Joel Edmundson.
8:54 of 3rd period - Stopped by Connor Hellebuyck without a rebound.
8:55 of 3rd period - Vincent Trocheck wins face-off versus Luca Del Bel Belluz in St.Louis Blues zone.
9:36 of 3rd period - Penalty to Jake Sanderson is over, Jake Sanderson is back on ice.
9:43 of 3rd period - Logan O'Connor is hit by Miles Wood.
9:46 of 3rd period - Off-side.
9:47 of 3rd period - Jack Eichel wins face-off versus Juuso Parssinen in neutral zone.
9:58 of 3rd period - Snap shot by Miles Wood.
9:58 of 3rd period - Shot Misses the Net.
10:00 of 3rd period - Slapshot by J.J. Moser.
10:00 of 3rd period - Shot Misses the Net.
10:02 of 3rd period - Wrist shot by Radek Faksa.
10:02 of 3rd period - Shot Misses the Net.
10:19 of 3rd period - Jake Guentzel is hit by Casey Cizikas and loses puck.
10:36 of 3rd period - Minor Penalty to Mikhail Sergachev for Tripping.
10:37 of 3rd period - Vincent Trocheck wins face-off versus Cody Glass in St.Louis Blues zone.
10:46 of 3rd period - Slapshot by Jeff Skinner.
10:46 of 3rd period - Shot Blocked by Vincent Trocheck.
10:48 of 3rd period - Wrist shot by Colton Sissons.
10:48 of 3rd period - Goal by Colton Sissons - St.Louis Blues : 3 - Philadelphia Flyers : 1.
10:49 of 3rd period - Colton Sissons wins face-off versus Jack Eichel in neutral zone.
11:00 of 3rd period - Slapshot by Nick Blankenburg.
11:00 of 3rd period - Shot Hit the Post.
11:02 of 3rd period - Slapshot by Joel Edmundson.
11:02 of 3rd period - Shot Blocked by Colton Parayko.
11:23 of 3rd period - Jake Guentzel is hit by Joel Edmundson.
11:41 of 3rd period - Snap shot by Luca Del Bel Belluz.
11:41 of 3rd period - Goal by Luca Del Bel Belluz - St.Louis Blues : 3 - Philadelphia Flyers : 2.
11:42 of 3rd period - Jack Eichel wins face-off versus Thomas Novak in neutral zone.
12:17 of 3rd period - Icing by Jeff Skinner.
12:18 of 3rd period - Cody Glass wins face-off versus Jack Eichel in Philadelphia Flyers zone.
12:23 of 3rd period - Slapshot by Nick Blankenburg.
12:23 of 3rd period - Stopped by Connor Hellebuyck with a rebound.
12:41 of 3rd period - Snap shot by Jeff Skinner.
12:41 of 3rd period - Stopped by Connor Hellebuyck without a rebound.
12:42 of 3rd period - Colton Sissons wins face-off versus Robert Thomas in St.Louis Blues zone.
12:43 of 3rd period - Snap shot by Marcus Johansson.
12:43 of 3rd period - Shot Misses the Net.
12:56 of 3rd period - Slapshot by Marcus Johansson.
12:56 of 3rd period - Stopped by Connor Hellebuyck with a rebound.
13:08 of 3rd period - Alex Tuch is hit by Miles Wood and loses puck.
13:21 of 3rd period - Snap shot by Zac Jones.
13:21 of 3rd period - Shot Blocked by Jake Sanderson.
13:35 of 3rd period - Luca Del Bel Belluz is hit by Brayden Point and loses puck.
13:48 of 3rd period - Minor Penalty to Jack McBain for Tripping.
13:49 of 3rd period - Robert Thomas wins face-off versus Radek Faksa in Philadelphia Flyers zone.
13:52 of 3rd period - Wrist shot by Brandon Hagel.
13:52 of 3rd period - Stopped by Alexandar Georgiev with a rebound.
13:54 of 3rd period - Snap shot by Brandon Hagel.
13:54 of 3rd period - Shot Misses the Net.
13:56 of 3rd period - Slapshot by Jake Sanderson.
13:56 of 3rd period - Shot Misses the Net.
13:58 of 3rd period - Slapshot by Jake Sanderson.
13:58 of 3rd period - Stopped by Alexandar Georgiev without a rebound.
13:59 of 3rd period - Radek Faksa wins face-off versus Robert Thomas in Philadelphia Flyers zone.
14:10 of 3rd period - Wrist shot by Brayden Point.
14:10 of 3rd period - Goal by Brayden Point - St.Louis Blues : 4 - Philadelphia Flyers : 2.
14:11 of 3rd period - Jack Eichel wins face-off versus Colton Sissons in neutral zone.
14:16 of 3rd period - Slapshot by Jake Sanderson.
14:16 of 3rd period - Shot Misses the Net.
14:58 of 3rd period - Snap shot by Cody Glass.
14:58 of 3rd period - Stopped by Connor Hellebuyck without a rebound.
14:59 of 3rd period - Jack Eichel wins face-off versus Cody Glass in St.Louis Blues zone.
15:23 of 3rd period - Icing by Nick Blankenburg.
15:24 of 3rd period - Cody Glass wins face-off versus Vincent Trocheck in Philadelphia Flyers zone.
15:41 of 3rd period - Backhand shot by Colton Parayko.
15:41 of 3rd period - Stopped by Alexandar Georgiev with a rebound.
15:59 of 3rd period - Snap shot by Brandon Hagel.
15:59 of 3rd period - Deflect By Brayden Point.
15:59 of 3rd period - Stopped by Alexandar Georgiev with a rebound.
16:01 of 3rd period - Slapshot by Jack Eichel.
16:01 of 3rd period - Stopped by Alexandar Georgiev with a rebound.
16:03 of 3rd period - Snap shot by Brayden Point.
16:03 of 3rd period - Shot Blocked by Will Borgen.
16:05 of 3rd period - Slapshot by Colton Parayko.
16:05 of 3rd period - Stopped by Alexandar Georgiev without a rebound.
16:06 of 3rd period - Colton Sissons wins face-off versus Jack Eichel in Philadelphia Flyers zone.
16:08 of 3rd period - Minor Penalty to J.J. Moser for Cross-checking.
16:09 of 3rd period - Radek Faksa wins face-off versus Robert Thomas in Philadelphia Flyers zone.
16:17 of 3rd period - Brandon Duhaime is hit by Brandon Hagel and loses puck.
18:08 of 3rd period - Penalty to J.J. Moser is over, J.J. Moser is back on ice.
18:23 of 3rd period - Isac Lundestrom is hit by Jeff Skinner and loses puck.
18:33 of 3rd period - Double Minor Penalty to Nick Blankenburg for High sticking.
18:34 of 3rd period - Vincent Trocheck wins face-off versus Radek Faksa in Philadelphia Flyers zone.
19:11 of 3rd period - Slapshot by Jake Guentzel.
19:11 of 3rd period - Stopped by Alexandar Georgiev with a rebound.
19:13 of 3rd period - Snap shot by Alex Tuch.
19:13 of 3rd period - Deflect By Jake Guentzel.
19:13 of 3rd period - Shot Misses the Net.
19:13 of 3rd period - Puck is out of play.
19:14 of 3rd period - Robert Thomas wins face-off versus Radek Faksa in Philadelphia Flyers zone.
19:29 of 3rd period - Brandon Duhaime is hit by Robert Thomas and loses puck.
19:46 of 3rd period - Slapshot by Zac Jones.
19:46 of 3rd period - Stopped by Connor Hellebuyck with a rebound.
Goals for this period are 2 for St.Louis Blues vs 2 for Philadelphia Flyers.
Shots for this period are 13 for St.Louis Blues vs 12 for Philadelphia Flyers.